 Dungeon Crawl Stone Soup version 0.18.1-48-g4cf74bf (webtiles) character file.

4909 Heedrag the Destroyer (level 10, -1/56 HPs)
             Began as a Deep Elf Conjurer on Aug 22, 2016.
             Was a Believer of Vehumet.
             Slain by an orc warlord
             ... wielding a +0 war axe
              (19 damage)
             ... in a bailey on Aug 23, 2016.
             The game lasted 00:29:48 (9458 turns).

Heedrag the Destroyer (Deep Elf Conjurer)           Turns: 9458, Time: 00:29:49

Health: -1/56      AC:  8    Str:  8    XL:     10   Next: 27%
Magic:  3/26       EV: 15    Int: 21    God:    Vehumet [**....]
Gold:   525        SH:  0    Dex: 15    Spells: 4 memorised, 17 levels left

rFire  . . .     SeeInvis .     h - +4 dagger
rCold  . . .     Gourm    +     a - +0 robe
rNeg   + . .     Faith    .     (no shield)
rPois  .         Spirit   .     (no helmet)
rElec  .         Dismiss  .     n - +1 cloak {MR+}
rCorr  .         Reflect  .     (no gloves)
SustAt .         Harm     .     (no boots)
MR     ++...                    w - amulet of the gourmand
Stlth  ++........               H - ring of positive energy
                                y - +4 ring of protection

@: sluggish, very slow, very resistant to hostile enchantments, unstealthy
A: no striking features
a: Renounce Religion


You were in a bailey.
You worshipped Vehumet.
Vehumet was pleased with you.
You were completely stuffed.

You visited 2 branches of the dungeon, and saw 10 of its levels.
You also visited: Bailey.

You collected 567 gold pieces.
You spent 42 gold pieces at shops.

Inventory:

Hand Weapons
 d - a +0 spear
 h - a +4 dagger (weapon)
 z - a +0 short sword of speed
 F - a +2 whip of electrocution
Armour
 a - a +0 robe (worn)
 n - a +1 cloak of magic resistance (worn)
 P - the cursed +1 scale mail of the Good {rCorr Str+4, unknown}
   (You found it on level 7 of the Dungeon)

   It affects your strength (+4).
   It protects you from acid and corrosion.
   It has a curse placed upon it.
Jewellery
 w - an amulet of the gourmand (around neck)
 y - a +4 ring of protection (left hand)
 A - an uncursed ring of ice
 H - a ring of positive energy (right hand)
Wands
 I - a wand of slowing (36/48)
 K - a wand of polymorph (13/24)
 L - a wand of iceblast (12/15)
Scrolls
 g - a scroll of fog
 i - 14 scrolls of identify {unknown}
 m - 3 scrolls of recharging
 u - 2 scrolls of blinking
 v - 4 scrolls of enchant armour
 x - a scroll of noise
 C - a scroll of immolation
 J - 2 scrolls of enchant weapon
Potions
 e - 5 potions of curing
 k - a potion of heal wounds
 l - a potion of lignification
 q - 4 potions of brilliance
 r - a potion of magic {unknown}
 O - a potion of cure mutation
Books
 b - a book of Conjurations

   Spells                             Type                      Level
   a - Magic Dart                     Conjuration                  1
   b - Searing Ray                    Conjuration                  2
   c - Dazzling Spray                 Conjuration/Hexes            3
   d - Fulminant Prism                Conjuration/Hexes            4
   e - Iskenderun's Mystic Blast      Conjuration                  4
   f - Iskenderun's Battlesphere      Conjuration/Charms           5
 j - a book of Burglary

   Spells                             Type                      Level
   a - Swiftness                      Charms/Air                   2
   b - Passwall                       Transmutation/Earth          2
   c - Passage of Golubria            Translocation                4
   d - Lee's Rapid Deconstruction     Earth                        5
   e - Darkness                       Hexes                        6
   f - Invisibility                   Hexes                        6
 B - a book of Enchantments

   Spells                             Type                      Level
   a - Cause Fear                     Hexes                        4
   b - Yara's Violent Unravelling     Hexes/Transmutation          5
   c - Silence                        Hexes/Air                    5
   d - Deflect Missiles               Charms/Air                   6
   e - Haste                          Charms                       6
   f - Discord                        Hexes                        8
 G - a Fen Folio

   Spells                             Type                      Level
   a - Corpse Rot                     Necromancy                   2
   b - Stone Arrow                    Conjuration/Earth            3
   c - Leda's Liquefaction            Hexes/Earth                  4
   d - Summon Forest                  Summoning/Translocation      5
   e - Hydra Form                     Transmutation                6
   f - Summon Hydra                   Summoning                    7
Comestibles
 c - 8 bread rations
 f - 8 meat rations
 o - a chunk of flesh
 p - 3 beef jerkies
 s - 2 slices of pizza
 D - a royal jelly


   Skills:
 + Level 3.0 Fighting
 + Level 5.1 Dodging
 - Level 2.4 Stealth
 + Level 10.0 Spellcasting
 * Level 11.7 Conjurations
 + Level 9.3 Charms


You had 17 spell levels left.
You knew the following spells:

 Your Spells              Type           Power        Failure   Level  Hunger
a - Magic Dart            Conj           ####         1%          1    None
b - Iskenderun's Mystic   Conj           ######..     1%          4    ##.....
c - Iskenderun's Battles  Conj/Chrm      ######..     2%          5    ####...
d - Swiftness             Chrm/Air       ####....     1%          2    None


Dungeon Overview and Level Annotations

Branches:
Dungeon (9/15)             Temple (1/1) D:5            Lair (0/8) D:8
    Orc: D:9-12

Altars:
Ashenzari
Cheibriados
Dithmenos
Elyvilon
Fedhas
Gozag
Kikubaaqudgha
Makhleb
Nemelex Xobeh
Pakellas
Qazlal
Ru
Sif Muna
Trog
Vehumet
Xom
Yredelemnul
Zin
The Shining One

Shops:
D:7 *


Message History

Tha barrage o' energy hits tha orc warlord.
Tha orc warlord be heavily wounded.
Castin': Iskenderun's Mestic Blast Confirm wit' . or Enter, or press ? or * ta list all spells.
Aimin': Iskenderun's Mestic Blast
Press: ? - help, Shift-Dir - straight line, f/p - orc warlord
Aim: an orc warlord, wieldin' a war axe an' wearin' a chain mail (heavily wounded) Tha orb o' energy hits tha orc warlord.
Tha orc warlord be heavily wounded.
Yer battlesphere fires!
Tha barrage o' energy hits tha orc warlord.
Tha orc warlord be heavily wounded.
Tha orc warlord hits ye wit' a war axe!
Tha orc warlord hits ye wit' a war axe!!
Ouch! Tha re'lly hurt!
Tha orc warlord hits yer battlesphere wit' a war axe!!
Yer battlesphere be destroyed!
Thar be an op'n door, spatt'red wit' blood 'ere.
Tha orc warlord hits ye wit' a war axe!!
Ye die...

......................#
..8..)..........8..8..#
.....)(...(.(.........#
..)(####...####......##
...##≈g#####≈≈##§...##♣
..(#≈|!8..o8!=≈#...##.♣
##'#≈.........≈#'###..♣♣
≈≈.#≈..8...8..≈#o≈≈≈...♣
≈≈.##.........##@≈≈≈...♣
≈≈.#≈....∩....≈#.≈≈≈(..∩
≈≈(#≈.........≈#.≈≈≈...♣
≈≈.# ≈.8...8.≈ #(≈≈≈(..♣
##'###.......###'###..♣♣
....#≈.8...8.≈#....##.♣
....#≈≈≈≈≈≈≈≈≈#.....##♣
....####≈≈≈####......##
8......#'''#......8...#


You could see an orc warlord.

Vanquished Creatures
  Erolcha (D:8)
  Pikel (D:3)
  A cyclops (D:9)
  Maurice (D:8)
  A centaur skeleton (D:9)
  Prince Ribbit (D:8)
  An ice beast (D:8)
  The ghost of nikopol the Chopper, an amateur MiBe of Trog (D:3)
  A sky beast (D:6)
  4 orc warriors
  A phantom (D:8)
  A wasp (D:7)
  2 ogres
  4 centaurs
  A giant frog (D:7)
  A big kobold (D:6)
  A scorpion (D:5)
  4 killer bees (D:7)
  2 electric eels (D:6)
  A howler monkey (D:6)
  2 crimson imps
  A wasp zombie (D:7)
  3 hounds (D:7)
  2 orc priests
  A giant frog skeleton (D:5)
  An orc wizard (D:6)
  3 iguanas
  4 worker ants
  A hound zombie (D:5)
  A worker ant zombie (D:7)
  3 gnolls (D:8)
  7 adders
  A shadow imp (D:6)
  An ooze (D:4)
  An adder zombie (D:6)
  2 worms
  3 dart slugs
  5 giant geckos
  15 orcs
  4 giant cockroaches
  16 goblins
  13 hobgoblins
  10 jackals
  8 quokkas
  2 ball pythons
  11 bats
  5 giant newts
  26 kobolds
  2 quokka zombies
  8 rats
193 creatures vanquished.

Vanquished Creatures (others)
  Sigmund (D:4)
  A worker ant (D:4)
  A jackal skeleton (D:4)
  A plant (D:6)
4 creatures vanquished.

Grand Total: 197 creatures vanquished

Notes
Turn   | Place    | Note
--------------------------------------------------------------
     0 | D:1      | Heedrag the Deep Elf Conjurer began the quest for the Orb.
     0 | D:1      | Reached XP level 1. HP: 10/10 MP: 6/6
   256 | D:1      | Reached XP level 2. HP: 15/15 MP: 5/8
   593 | D:1      | Reached skill level 5 in Conjurations
   836 | D:2      | Reached XP level 3. HP: 19/19 MP: 2/10
  1243 | D:2      | Found a shimmering altar of Xom.
  1424 | D:3      | Noticed nikopol's ghost (amateur MiBe)
  1543 | D:3      | Reached XP level 4. HP: 19/24 MP: 6/12
  1840 | D:4      | Noticed an ogre
  1846 | D:4      | Killed an ogre
  1846 | D:4      | Reached skill level 5 in Spellcasting
  1846 | D:4      | Reached skill level 6 in Conjurations
  1846 | D:4      | Reached XP level 5. HP: 28/28 MP: 6/14
  1892 | D:4      | Learned a level 4 spell: Iskenderun's Mystic Blast
  1898 | D:4      | Learned a level 5 spell: Iskenderun's Battlesphere
  1945 | D:4      | Noticed a slave
  1945 | D:4      | Noticed a slave
  1945 | D:4      | Noticed a slave
  1946 | D:4      | Noticed a slave
  2275 | D:2      | Reached skill level 1 in Charms
  2626 | D:4      | Noticed Sigmund
  2840 | D:3      | Found a burning altar of Makhleb.
  3244 | D:5      | Entered Level 5 of the Dungeon
  3310 | D:5      | Found a blossoming altar of Fedhas.
  3325 | D:5      | Noticed a centaur
  3383 | D:5      | Found a shattered altar of Ashenzari.
  3436 | D:5      | Noticed a centaur
  3499 | D:6      | Noticed an orc warrior
  3654 | D:4      | Noticed Pikel
  3689 | D:3      | Killed Pikel
  3689 | D:3      | Reached skill level 7 in Conjurations
  3689 | D:3      | Reached XP level 6. HP: 17/32 MP: 3/17
  3689 | D:3      | Reached XP level 7. HP: 19/36 MP: 3/18
  3928 | D:3      | Killed nikopol's ghost
  3928 | D:3      | Reached skill level 8 in Conjurations
  4099 | D:4      | Killed Sigmund
  4209 | D:4      | Learned a level 2 spell: Swiftness
  4235 | D:4      | Found a sacrificial altar of Ru.
  4235 | D:4      | Found a snail-covered altar of Cheibriados.
  4405 | D:5      | Found a glowing silver altar of Zin.
  4626 | D:5      | Reached skill level 5 in Charms
  4731 | D:5      | Reached XP level 8. HP: 11/41 MP: 12/20
  5039 | D:5      | Found a staircase to the Ecumenical Temple.
  5058 | Temple   | Entered the Ecumenical Temple
  5093 | Temple   | Became a worshipper of Vehumet
  5297 | D:6      | Found a sparkling altar of Nemelex Xobeh.
  5459 | D:6      | Reached skill level 9 in Conjurations
  6535 | D:7      | Reached * piety under Vehumet
  6535 | D:7      | Offered knowledge of Freeze by Vehumet.
  6535 | D:7      | Reached skill level 10 in Conjurations
  6538 | D:7      | Got a jewelled scale mail
  6645 | D:7      | Reached XP level 9. HP: 36/45 MP: 13/23
  6827 | D:7      | Found a bloodstained altar of Trog.
  7087 | D:7      | Found Lunaenn's General Store.
  7154 | D:7      | Bought a potion of curing for 42 gold pieces
  7163 | D:7      | Gained mutation: Your muscles are strong. (Str +2) [potion of mutation]
  7163 | D:7      | Gained mutation: Your body sometimes deteriorates upon taking damage. [potion of mutation]
  7163 | D:7      | Gained mutation: You have a pair of small antennae on your head. [potion of mutation]
  7164 | D:7      | Lost mutation: Your body sometimes deteriorates upon taking damage. [potion of cure mutation]
  7164 | D:7      | Lost mutation: You have a pair of small antennae on your head. [potion of cure mutation]
  7164 | D:7      | Lost mutation: Your muscles are strong. (Str +2) [potion of cure mutation]
  7289 | D:8      | Noticed Maurice
  7439 | D:8      | Noticed Erolcha
  7475 | D:8      | Killed Erolcha
  7475 | D:8      | Reached skill level 1 in Fighting
  7549 | D:8      | Noticed Prince Ribbit
  7554 | D:8      | Killed Prince Ribbit
  7554 | D:8      | Reached skill level 11 in Conjurations
  8093 | D:8      | Found a staircase to the Lair.
  8492 | D:8      | Killed Maurice
  8569 | D:8      | Reached XP level 10. HP: 34/54 MP: 18/25
  8679 | D:9      | Noticed a cyclops
  8690 | D:9      | Killed a cyclops
  8690 | D:9      | Reached skill level 5 in Dodging
  8759 | D:9      | Found a flagged portal.
  8832 | Bailey   | Entered a bailey
  8837 | Bailey   | Noticed an orc warlord
  8857 | Bailey   | Offered knowledge of Shock by Vehumet.
  8870 | Bailey   | Reached ** piety under Vehumet
  8878 | Bailey   | Reached skill level 10 in Spellcasting
  9231 | Bailey   | Found a runed gate.
  9234 | Bailey   | Found a runed gate.
  9236 | Bailey   | Found a runed gate.
  9458 | Bailey   | Slain by an orc warlord

Skill      XL: |  1  2  3  4  5  6  7  8  9 10 |
---------------+-------------------------------+-----
Conjurations   | 5 6 7 8 10 11 | 11.7
Spellcasting   | 4 5 6 7 8 9 10 | 10.0
Charms         | 4 5 7 8 9 |  9.3
Fighting       | 2 3 |  3.0
Dodging        | 4 5 |  5.1
Stealth        | |  2.4

Action                   |  1- 3 |  4- 6 |  7- 9 | 10-12 || total
-------------------------+-------+-------+-------+-------++-------
Melee: Dagger            |     5 |     3 |       |       ||     8
 Cast: Magic Dart        |   103 |    93 |   162 |    59 ||   417
       Iskenderun's Myst |       |     7 |    12 |    11 ||    30
       Iskenderun's Batt |       |       |    35 |    12 ||    47
       Swiftness         |       |       |       |     1 ||     1
  Use: Potion            |       |       |    10 |       ||    10
       Scroll            |       |       |       |    10 ||    10
  Eat: Chunk             |     2 |    19 |    26 |     6 ||    53
Armor: Robe              |    14 |     4 |    11 |     2 ||    31
Dodge: Dodged            |    21 |    16 |    18 |    33 ||    88
